AoeStats
← savageCGN

Black Forest

503878554Analyzed
2v2 RM · 1mo ago on Sep 2, 2026· 57m 53s· 4 players
Game mode
Random Map
Map size
Medium (4 player)
Population
200
Speed
Normal
Resources
Standard
Victory
Conquest
Starting age
Dark Age
Ending age
Imperial Age
RankedLock teamsTeams togetherTeam positionsShared explorationLock speedFull tech treeHidden civsTurbo modeCheats
Victory
Defeat
🇪🇸 Goths · Spain
726
+13
🇪🇸 Franks · Spain
491
+23
🇩🇪 Berbers · Germany
715
-21
🇩🇪 Spanish · Germany
606
-16
rafa20058
1:11 Loom
14:24 Feudal Age
15:11 Horse Collar
21:57 Castle Age
20:01 Stone Mining
21:44 Wheelbarrow
21:05 Town Watch
21:43 Double-Bit Axe
22:25 Gold Mining
22:49 Forging
22:30 Fletching
24:36 Iron Casting
25:45 Double-Bit Axe
26:36 Fortified Wall
30:23 Bow Saw
34:51 Imperial Age
33:14 Guard Tower
33:46 Ballistics
33:23 Murder Holes
33:38 Scale Mail Armor
34:38 Caravan
36:36 Hoardings
36:23 Conscription
38:07 Keep
38:29 Heavy Plow
39:40 Two-Man Saw
39:20 Bodkin Arrow
41:14 Supremacy
40:57 Elite Conquistador
42:41 Guilds
43:07 Masonry
43:11 Arrowslits
44:33 Hand Cart
46:53 Chain Mail Armor
46:43 Scale Barding Armor
46:39 Padded Archer Armor
46:40 Bracer
47:09 Town Patrol
48:14 Plate Mail Armor
48:47 Blast Furnace
49:08 Chain Barding Armor
49:51 Chemistry
49:56 Leather Archer Armor
51:58 Elite Genitour
54:28 Squires
53:48 Pikeman
savageCGN
3:27 Loom
11:07 Feudal Age
16:00 Castle Age
14:38 Double-Bit Axe
17:32 Bow Saw
18:45 Wheelbarrow
18:59 Horse Collar
19:42 Heavy Plow
22:09 Hand Cart
23:16 Town Watch
29:21 Imperial Age
28:23 Caravan
28:31 Scale Barding Armor
28:18 Fletching
28:38 Forging
29:16 Fortified Wall
29:27 Ballistics
29:19 Masonry
29:05 Murder Holes
31:15 Chemistry
30:41 Chain Barding Armor
31:36 Crop Rotation
31:57 Gold Mining
34:17 Plate Barding Armor
34:19 Iron Casting
33:40 Bodkin Arrow
33:37 Treadmill Crane
34:56 Conscription
34:49 Maghrebi Camels
34:50 Kasbah
35:09 Bloodlines
35:00 Husbandry
34:21 Heavy Camel Rider
36:33 Coinage
37:53 Blast Furnace
37:26 Light Cavalry
38:55 Banking
38:28 Hussar
38:44 Elite Camel Archer
40:00 Hoardings
41:47 Bracer
41:47 Padded Archer Armor
41:48 Scale Mail Armor
44:57 Town Patrol
45:11 Guilds
45:22 Leather Archer Armor
45:36 Siege Engineers
46:01 Thumb Ring
45:25 Elite Genitour
48:10 Guard Tower
48:06 Arrowslits
48:11 Heated Shot
elia.tomas96
12:48 Feudal Age
13:26 Double-Bit Axe
17:14 Wheelbarrow
18:10 Gold Mining
21:55 Castle Age
19:51 Stone Mining
21:24 Forging
23:45 Gold Shaft Mining
23:24 Bow Saw
31:14 Caravan
32:37 Hand Cart
33:08 Husbandry
34:13 Masonry
34:15 Fortified Wall
38:16 Imperial Age
37:05 Iron Casting
36:36 Scale Barding Armor
38:06 #83
38:20 Cavalier
40:10 Blast Furnace
39:12 Scale Mail Armor
41:16 Architecture
41:55 Chain Barding Armor
41:51 Chain Mail Armor
42:01 Squires
45:56 Plate Barding Armor
46:54 Elite Throwing Axeman
anicolasborrega
0:31 Loom
12:59 Feudal Age
14:27 Double-Bit Axe
15:17 Horse Collar
18:05 Castle Age
17:58 Wheelbarrow
17:28 Stone Mining
19:20 Bow Saw
19:35 Heavy Plow
23:41 Hand Cart
26:44 Stone Shaft Mining
26:04 Gold Mining
29:14 Scale Mail Armor
29:25 Forging
34:51 Imperial Age
32:10 Pikeman
32:51 Squires
33:50 Anarchy
35:16 Chain Mail Armor
35:37 Iron Casting
36:08 Crop Rotation
36:44 Two-Man Saw
35:50 Halberdier
37:09 Conscription
38:16 Caravan
39:27 Perfusion
41:24 Elite Huskarl
41:35 Sappers
43:12 Chemistry
42:34 Ballistics
42:51 Ballistics
44:47 Guilds
49:55 Blast Furnace
48:46 Fletching
48:57 Padded Archer Armor
Connection lost

Rejoining the realm…

Still unreachable

The connection could not be restored.

Session expired

The server has moved on; the page needs a fresh start.